 Dungeon Crawl Stone Soup version 0.30-a0-845-g7c6808c8ce (webtiles) character file.

Game seed: 14247208715311814855

9 demibob the Twirler (level 2, 0/19 HPs)
             Began as a Demonspawn Wanderer on Mar 3, 2023.
             Slain by a hobgoblin
             ... wielding a +0 trident
              (12 damage)
             ... on level 1 of the Dungeon.
             The game lasted 00:00:28 (113 turns).

demibob the Twirler (Demonspawn Wanderer)            Turns: 113, Time: 00:00:28

Health: 0/19       AC:  3    Str:  9    XL:     2   Next: 3%
Magic:  3/3        EV: 12    Int: 14    God:
Gold:   0          SH:  0    Dex: 14    Spells: 2/3 levels left

rFire   . . .      SeeInvis .    a - +2 quarterstaff
rCold   . . .      Faith    .    (shield currently unavailable)
rNeg    . . .      Spirit   .    d - +0 robe
rPois   .          Reflect  .    (helmet restricted)
rElec   .          Rampage  .    (no cloak)
rCorr   .                        (no gloves)
Will    .....                    b - +0 pair of boots
Stlth   +                        (no amulet)
HPRegen 0.23/turn                (no ring)
MPRegen 0.08/turn                (no ring)

@: no status effects
A: antennae 1
a: no special abilities


You were on level 1 of the Dungeon.
You visited 1 branch of the dungeon, and saw 1 of its levels.


Innate Abilities, Weirdness & Mutations

You have a pair of small antennae on your head.


   Skills:
 + Level 4.1 Staves
 - Level 2.6 Dodging
 - Level 1.0 Spellcasting
 - Level 1.0 Earth Magic
 - Level 1.2 Invocations


You had 2 spell levels left.
You knew the following spells:

 Your Spells              Type           Power      Damage    Failure   Level
z - Sandblast             Erth           6%         2d5       17%         1

Your spell library contained the following spells:

 Spells                   Type           Power      Damage    Failure   Level
 Stone Arrow              Conj/Erth      4%         3d7       54%         3

Inventory:

Hand Weapons
 a - a +2 quarterstaff (weapon)
Armour
 b - a +0 pair of boots (worn)
 d - a +0 robe (worn)
Scrolls
 c - a scroll of butterflies
Potions
 e - a potion of magic {unknown}
 f - a potion of curing {unknown}

Dungeon Overview and Level Annotations

Branches:
Dungeon (1/15)

Altars:

#.#......###.....#
##
#.#...........####
#........#.#..#
##.......#....#
#.(....##....#
##.....## .....
#...#.## ..#.#.
#.#.#.# ...#.@g#
#..##.b.g....$.
#.# #..b.......
... ............
.## .............
#......r.......
...............
...............


You could see 2 hobgoblins, 2 bats and a rat.


Message History

You kill the endoplasm!
Your Staves skill increases to level 4!
You hit the rat.
You kill the rat!
You sock the hobgoblin!
You kill the hobgoblin!
You have reached level 2!
You feel monstrous as your demonic heritage exerts itself.
Your demonic ancestry asserts itself...
A pair of antennae grows on your head!
f - a dark potion A hobgoblin comes into view.
It is wielding a +0 trident.
The hobgoblin moves out of view. 2 hobgoblins and a bat come into view.
The bat moves out of view.
There are monsters nearby!
The hobgoblin shouts!
You hear an angry hiss.
The hobgoblin completely misses you.
A rat and a bat come into view.
Found 15 gold pieces.
The bat barely misses you.
The hobgoblin hits you with a +0 trident!
You hit the bat.
The bat is heavily wounded.
The bat closely misses you. The hobgoblin completely misses you.
You closely miss the bat.
The bat is heavily wounded.
The bat hits you but does no damage. The bat closely misses you.
The hobgoblin hits you with a +0 trident!
Ouch! That really hurt!
You die...

Skill      XL: |  1 |
---------------+----+-----
Staves         | 4 |  4.1
Dodging        | |  2.6
Spellcasting   | |  1.0
Earth Magic    | |  1.0
Invocations    | |  1.2

Action                     || total
---------------------------++-------
  Melee: Quarterstaff      ||    17
 Armour: Robe              ||     3
  Dodge: Dodged            ||    10

Levels and vault maps discovered:
D:1:      ncdulo_lavacross, layout_rooms

Notes
Turn   | Place    | Note
-------+----------+-------------------------------------------
     0 | D:1      | demibob the Demonspawn Wanderer began the quest for the
                  | Orb.
     0 | D:1      | demibob set off with the following items: a +2
                  | quarterstaff, a +0 pair of boots, a scroll of butterflies,
                  | a +0 robe; and the following spell memorised: Sandblast;
                  | and the following spells available to memorise: Stone
                  | Arrow.
     0 | D:1      | Reached XP level 1. HP: 13/13 MP: 2/2
    95 | D:1      | Reached skill level 4 in Staves
    97 | D:1      | You feel monstrous as your demonic heritage exerts itself.
    97 | D:1      | Discovered your monstrous ancestry.
    97 | D:1      | Gained mutation: You have a pair of small antennae on your
                  | head. [demonic ancestry]
    97 | D:1      | Reached XP level 2. HP: 19/19 MP: 3/3
   113 | D:1      | Slain by a hobgoblin

Vanquished Creatures
  An endoplasm (D:1)
  A goblin (D:1)
  2 hobgoblins (D:1)
  A quokka (D:1)
  A frilled lizard (D:1)
  2 rats (D:1)
8 creatures vanquished.

Table legend: (Time is in decaauts)
 A = Elapsed time spent in this place.
 B = Non-inter-level travel time spent in this place.
 C = Inter-level travel time spent in this place.
 D = Time resting spent in this place.
 E = Time spent auto-exploring this place.
 F = Levels seen in this place.
 G = Mean time per level.
                   A        B        C        D        E       F      G
               +--------+--------+--------+--------+--------+-----+--------+
         Total |    114 |    114 |      0 |     37 |     39 |   1 |  114.0 |
       Dungeon |    114 |    114 |      0 |     37 |     39 |   1 |  114.0 |
               +--------+--------+--------+--------+--------+-----+--------+

Top non-repeatable levels by time:
     D:1: 114 daAuts

Table legend:
 A = Non-vault XP
 B = Vault XP
 C = Vault XP percentage of total XP
 D = Non-vault monster count
 E = Vault monster count
 F = Vault count percentage of total count
                 A         B        C        D         E       F
            +---------+---------+-------+---------+---------+-------
      Total |      13 |       0 |   0.0 |       8 |       0 |   0.0
            +---------+---------+-------+---------+---------+-------
        D:1 |      13 |       0 |   0.0 |       8 |       0 |   0.0
            +---------+---------+-------+---------+---------+-------
